 Dungeon Crawl Stone Soup version 0.17-a0-1738-g82cdc46 (webtiles) character file.

224 TuckyLangle the Cudgeler (level 6, -8/42 HPs)
             Began as an Octopode Fighter on Aug 30, 2015.
             Mangled by Sigmund
             ... wielding a +0 scythe
              (11 damage)
             ... on level 3 of the Dungeon.
             The game lasted 00:07:21 (3109 turns).

TuckyLangle the Cudgeler (Octopode Fighter)         Turns: 3109, Time: 00:07:21

Health: -8/42      AC:  1    Str: 15    XL:     6   Next: 0%
Magic:  6/6        EV: 10    Int: 11    God:
Gold:   77         SH:  9    Dex: 13    Spells: 0 memorised, 5 levels left

rFire  . . .     SeeInvis .     f - +0 hand axe (freeze)
rCold  . . .     Clarity  .     b - +1 shield
rNeg   . . .     SustAt   .     (helmet restricted)
rPois  .         Gourm    .     (no amulet)
rElec  .         Spirit   .     (no ring)
rCorr  .         Warding  .     (no ring)
rMut   .         Stasis   .     (no ring)
MR     .....                    (no ring)
Stlth  ++........               (no ring)
                                (no ring)
                                (no ring)
                                (no ring)

@: not resistant to hostile enchantments, unstealthy
A: almost no armour, amphibious, 8 rings, constrict 8, camouflage 1, gelatinous
body 1
a: no special abilities


You were on level 3 of the Dungeon.
You were not hungry.

You visited 1 branch of the dungeon, and saw 3 of its levels.

You collected 77 gold pieces.

Inventory:

Hand weapons
 a - a +0 flail
 f - a +0 hand axe of freezing (weapon)
 j - a +1 dagger of venom
 r - a cursed -2 dagger
 u - a -1 mace
Armour
 b - a +1 shield (worn)
Magical devices
 k - a wand of flame (25)
Scrolls
 g - a scroll of magic mapping
 h - 5 scrolls of identify
 n - a scroll of fear
 p - 3 scrolls of remove curse
Potions
 c - a potion of might
 e - a potion of degeneration {unknown}
 i - a potion of mutation {unknown}
 l - 5 potions of curing {unknown}
 m - 2 potions of flight {unknown}
 o - a potion of lignification {unknown}
 q - a potion of cancellation
Comestibles
 d - 6 bread rations
 s - a slice of pizza


   Skills:
 - Level 3.0 Fighting
 * Level 1.6(3.9) Axes
 - Level 5.7(5.8) Maces & Flails
 - Level 3.0 Dodging
 - Level 3.0 Shields


You had 5 spell levels left.
You didn't know any spells.

Dungeon Overview and Level Annotations

Branches:
Dungeon (3/15)

Altars:
Vehumet

Annotations:
D:3 Sigmund


Innate Abilities, Weirdness & Mutations

You cannot wear most types of armour.
You are amphibious.
You can wear up to eight rings at the same time.
You can use your tentacles to constrict eight enemies at once.
Your skin changes colour to match your surroundings (Stealth).
Your rubbery body absorbs attacks (AC +1).


Message History

Terence is severely wounded.
You constrict Terence.
Sigmund hits you from afar with a scythe.
Terence hits you with a hand axe.
* * * LOW HITPOINT WARNING * * *
You hit Terence. You freeze Terence.
You kill Terence!
Your base Axes skill increases to level 1!
Sigmund barely misses you. You block the adder's attack.
You closely miss the adder. Your grab misses the adder.
Sigmund closely misses you. The adder bites you.
* * * LOW HITPOINT WARNING * * *
You hit the adder. You freeze the adder.
You kill the adder!
You have reached level 6!
Your experience leads to an increase in your attributes!
Increase (S)trength, (I)ntelligence, or (D)exterity?
You feel agile.
Sigmund hits you from afar with a scythe!
You die...

#.# #.# #.#._
#.#######.###....
#.##.......#....#
#.##.####........
#.##.####........ ####
#...........##.## ....
####.#..#...##.##
#.##..#####.#.........##
#.....)@...........#####
.....@##.#.##.#....#####
##.#. #.#.##...........
.. ..#.####.[.###### #.
...#.# #...# # #...#.#
#...#
......####.†)######
............†)......
......)<......


You could see Sigmund.

Vanquished Creatures
  Ijyb (D:3)
  Terence (D:3)
  Robin (D:2)
  5 adders
  An ooze (D:2)
  3 worms (D:2)
  2 giant geckos
  3 orcs (D:3)
  5 bats
  2 giant cockroaches
  23 goblins
  10 hobgoblins
  16 jackals
  6 kobolds
  A quokka (D:2)
  4 giant newts
  5 rats
89 creatures vanquished.

Vanquished Creatures (others)
  4 toadstools (D:1)
4 creatures vanquished.

Grand Total: 93 creatures vanquished

Notes
Turn   | Place    | Note
--------------------------------------------------------------
     0 | D:1      | TuckyLangle the Octopode Fighter began the quest for the Orb.
     0 | D:1      | Reached XP level 1. HP: 16/16 MP: 1/1
   174 | D:1      | Reached XP level 2. HP: 7/21 MP: 2/2
   839 | D:1      | Reached XP level 3. HP: 26/26 MP: 3/3
  1371 | D:2      | Reached skill level 4 in Maces & Flails
  1418 | D:2      | Noticed Robin
  1582 | D:2      | Reached XP level 4. HP: 19/31 MP: 4/4
  1895 | D:2      | Killed Robin
  2031 | D:2      | Reached skill level 5 in Maces & Flails
  2127 | D:2      | Reached XP level 5. HP: 32/36 MP: 5/5
  2226 | D:3      | Found a radiant altar of Vehumet.
  2364 | D:3      | Noticed Ijyb
  2379 | D:3      | Killed Ijyb
  3095 | D:3      | Noticed Terence
  3098 | D:3      | Noticed Sigmund
  3107 | D:3      | Killed Terence
  3107 | D:3      | Reached skill level 1 in Axes
  3109 | D:3      | Reached XP level 6. HP: 3/42 MP: 6/6
  3109 | D:3      | Mangled by Sigmund

Vault maps used:
D:1:      ldierk_water_garden
D:2:      first_bread, minmay_misc_feat_enclosed, uniq_robin
D:3:      vehumet_altar_wand_db, uniq_iyjb, uniq_terence, uniq_sigmund

Action                   |  1- 3 |  4- 6 || total
-------------------------+-------+-------++-------
Melee: Flail             |    76 |    29 ||   105
       Mace              |       |    56 ||    56
       Hand axe          |       |    22 ||    22
  Use: Scroll            |       |     7 ||     7
 Stab: Sleeping          |     6 |     4 ||    10
  Eat: Fruit             |       |     3 ||     3
       Chunk             |       |     1 ||     1
       Bread ration      |       |     1 ||     1
